 Dungeon Crawl Stone Soup version 0.13-a0-2538-gc238810 (webtiles) character file.

209 Psiweapon the Cudgeler (level 4, -2/28 HPs)
             Began as a Gargoyle Fighter on July 28, 2013.
             Was an Initiate of Okawaru.
             Blown up by Ijyb (11 damage)
             ... with a wand of disintegration
             ... on Level 3 of the Dungeon.
             The game lasted 00:07:12 (1887 turns).

Psiweapon the Cudgeler (Gargoyle Fighter)           Turns: 1887, Time: 00:07:12

HP  -2/28        AC 16     Str 20      XL: 4   Next:  9%
MP   3/3         EV  5     Int  9      God: Okawaru [......]
Gold 146         SH 18     Dex  9      Spells:  0 memorised,  3 levels left

Res.Fire  : . . .   See Invis. : +   g - +0,+1 whip (reach)
Res.Cold  : . . .   Warding    : .   k - +1 chain mail {rPois}
Life Prot.: + . .   Conserve   : .   c - +0 shield
Res.Poison: +       Res.Corr.  : .   (no helmet)
Res.Elec. : +       Clarity    : .   (no cloak)
Sust.Abil.: . .     Spirit.Shd : .   (no gloves)
Res.Mut.  : .       Stasis     : .   (no boots)
Res.Rott. : +       Flight     : .   (no amulet)
Saprovore : . . .                    h - ring of see invisible {unknown}
                                     n - ring of sustenance {unknown}

@: slightly resistant to hostile enchantments, extremely unstealthy
A: fangs 1, talons 2, life protection 1, electricity resistance, slow metabolism
1, unbreathing, petrification resistance, AC +6
a: Renounce Religion


You were on level 3 of the Dungeon.
You worshipped Okawaru.
Okawaru was noncommittal.
You were not hungry.

You visited 1 branch of the dungeon, and saw 4 of its levels.

You collected 126 gold pieces.

Inventory:

Hand weapons
 a - a +0,+0 mace
 g - a +0,+1 whip of reaching (weapon)
 p - a +0,+0 dagger
 u - a +0,+0 dagger (quivered)
 x - a +0,+0 dagger
Armour
 b - a +0 scale mail
 c - a +0 shield (worn)
 k - a +1 chain mail of poison resistance (worn)
 s - a +0 orcish helmet
Comestibles
 d - 2 bread rations
 f - a meat ration
 o - a rotting chunk of adder flesh
 q - a pear
 F - 2 beef jerkies
 G - a rotting chunk of giant newt flesh
Scrolls
 i - 2 scrolls of identify {unknown}
 j - 2 scrolls of fear {unknown}
 l - a scroll of enchant armour {unknown}
 m - 2 scrolls of remove curse {unknown}
 t - 2 scrolls of magic mapping {unknown}
 v - 2 scrolls of random uselessness {unknown}
 w - a scroll of blinking {unknown}
 y - a scroll of enchant weapon I {unknown}
 A - a scroll of amnesia {unknown}
 B - a scroll of teleportation {unknown}
 H - a scroll of curse jewellery {unknown}
 I - a scroll of noise {unknown}
Jewellery
 h - a ring of see invisible (right hand) {unknown}
 n - a ring of sustenance (left hand) {unknown}
Potions
 e - 2 potions of mutation {unknown}
 r - a potion of curing {unknown}
 z - a potion of invisibility {unknown}
 D - a potion of poison {unknown}
 E - a potion of might {unknown}


   Skills:
 - Level 3.2 Fighting
 + Level 4.4 Maces & Flails
 - Level 1.0 Throwing
 - Level 3.2 Armour
 - Level 3.2 Shields


You had 3 spell levels left.
You didn't know any spells.

Dungeon Overview and Level Annotations

Branches:
Dungeon (4/27)
 Temple: D:4-7

Altars:
Okawaru

Annotations
D:3 Ijyb


Innate Abilities, Weirdness & Mutations

You are resistant to torment.
You are immune to poison.
Your stone body is very resilient (AC +6).
You have very sharp teeth.
You have razor-sharp toenails.
You resist negative energy.
You are resistant to electric shocks.
You have a slow metabolism.
You can survive without breathing.
You are immune to petrification.


Message History

Found a dwarven cloak.
Ijyb comes into view.
He is wielding a club.
Ijyb shouts!
Ijyb zaps a wand.
You are blasted!
Ijyb zaps a wand.
You resist.
Attack whom?
Press: ? - help, Dir - move target cursor, f - rat
Aim: a rat You reach to attack!
Your shield and chain mail prevent you from hitting the rat.
Attack whom?
Press: ? - help, Dir - move target cursor, f/p - rat
Aim: a rat You reach to attack!
You hit the rat.
You kill the rat!
Okawaru accepts your kill.
Ijyb zaps a wand.
You are blasted!
Ouch! That really hurt!
Ijyb zaps a wand.
You are blasted!
You die...

#.##.....## #.
#.####...# #.
....####..# #.#.# #.
..........# #.....
#. .. ....####..#
..... #. ##g# #..#
.#. #. .....
##..#.#.#. .
#.....####.........#
#...(%.@.....#.###.
#.....####..##...
#[... ...# ### #....
###.# #..... #.# .
... ... #.# #.#. #.#
. . #.#


You could see Ijyb.

Vanquished Creatures
  2 adders (D:2)
  2 giant mites (D:2)
  2 giant geckos (D:1)
  An orc (D:3)
  4 goblins
  7 hobgoblins
  4 bats
  2 giant cockroaches
  A giant newt (D:2)
  5 kobolds
  2 rats
32 creatures vanquished.

Notes
Turn   | Place    | Note
--------------------------------------------------------------
     0 | D:1      | Psiweapon, the Gargoyle Fighter, began the quest for the Orb.
     0 | D:1      | Reached XP level 1. HP: 14/14 MP: 0/0
   614 | D:1      | Reached XP level 2. HP: 19/19 MP: 1/1
  1058 | D:1      | Reached skill level 1 in Throwing
  1264 | D:3      | Found an iron altar of Okawaru.
  1275 | D:3      | Became a worshipper of Warmaster Okawaru
  1283 | D:2      | Reached XP level 3. HP: 24/24 MP: 2/2
  1370 | D:2      | Reached skill level 4 in Maces & Flails
  1649 | D:3      | Reached XP level 4. HP: 28/28 MP: 3/3
  1883 | D:3      | Noticed Ijyb
  1887 | D:3      | Blown up by Ijyb

Action                   |  1- 3 |  4- 6 || total
-------------------------+-------+-------++-------
Melee: Mace              |    57 |       ||    57
       Whip              |    12 |     9 ||    21
Throw: Dagger            |    18 |       ||    18
